[Event "Late-Titled-Tuesday-Blitz-April-02-2024"]
[Site "Chess.com"]
[Date "2024.04.02"]
[Round "3"]
[White "vladgoncharov"]
[Black "carloseduar100"]
[Result "1-0"]
[WhiteElo "2566"]
[BlackElo "2201"]
[TimeControl "180+1"]
[EndTime "14:28:00 PDT"]
[Termination "vladgoncharov won on time"]

1. d4 d5 2. c4 e5 3. dxe5 d4 4. Nf3 Nc6 5. g3 Nge7 6. Bg2 Ng6 7. O-O h5 8. Bg5 Be7 9. Bxe7 Qxe7 10. Nxd4 Ncxe5 11. Nc3 c6 12. b3 h4 13. Qc2 hxg3 14. hxg3 Bh3 15. Bxh3 Rxh3 16. Qf5 Qd7 17. Qxd7+ Kxd7 18. Kg2 Rah8 19. Rh1 Rxh1 20. Rxh1 Rxh1 21. Kxh1 Ng4 22. Kg2 Ne7 23. e4 g6 24. Kf3 Nf6 25. Ke2 Nh5 26. c5 f5 27. exf5 gxf5 28. Ke3 b6 29. b4 a5 30. a3 axb4 31. axb4 bxc5 32. bxc5 Ke8 33. Kf3 Kf7 34. Na2 Nf6 35. Nb4 Ne4 36. Nxf5 Nd2+ 37. Kg4 Nd5 38. Nxc6 Ne4 39. f4 Nxc5 40. Ne5+ Kf6 41.
Nd6 Ne6 42. Ne4+ Ke7 43. f5 Nd4 44. Kg5 Ne3 45. f6+ Ke6 46. f7 Ke7 47. Kg6 Ne6 48. Nc6+ Kd7 49. Nc5+ 1-0

[Event "Late-Titled-Tuesday-Blitz-April-02-2024"]
[Site "Chess.com"]
[Date "2024.04.02"]
[Round "3"]
[White "Viktoker"]
[Black "KnightDuta"]
[Result "0-1"]
[WhiteElo "2505"]
[BlackElo "2769"]
[TimeControl "180+1"]
[EndTime "14:28:01 PDT"]
[Termination "KnightDuta won by checkmate"]

1. d4 Nf6 2. Bf4 g6 3. Nc3 d5 4. e3 Bg7 5. h4 h5 6. Nf3 O-O 7. Be2 c5 8. dxc5 Nc6 9. O-O Re8 10.
Ne5 Bf5 11. Nb5 Ne4 12. Nxc6 bxc6 13. Nc7 Bxb2 14. Nxe8 Qxe8 15. c4 e5 16. Bh2 d4 17.
Bf3 dxe3 18. fxe3 Bxa1 19. Qxa1 Nd2 20. Rf2 Nxc4 21. Bxh5 Rb8 22. Bg3 Rb1+ 23. Qxb1 Bxb1 24. Be2 Nxe3 25. Bf3 Nf5 26. Bh2 e4 27. Bg4 e3 28.
Re2 Bd3 29. Re1 Qe4 30. Bf3 Qb4 31. Rd1 e2 32. Bxe2 Bxe2 33. Rd8+ Kg7 34. Be5+ f6 35.
Bd6 Qe1+ 36. Kh2 Qxh4+ 37. Kg1 Nxd6 38. cxd6 Qd4+ 39. Kh2 Bg4 40. d7 Bxd7 41. a4 g5 42.
a5 c5 43. a6 Qh4+ 44. Kg1 Qd4+ 45. Kh2 Bb5 46. Rb8 Bxa6 47. g4 Qf2+ 48. Kh3 Bf1# 0-1

[Event "Late-Titled-Tuesday-Blitz-April-02-2024"]
[Site "Chess.com"]
[Date "2024.04.02"]
[Round "3"]
[White "CarrotsandPizza"]
[Black "czasnaszachy"]
[Result "0-1"]
[WhiteElo "2602"]
[BlackElo "2444"]
[TimeControl "180+1"]
[EndTime "14:28:01 PDT"]
[Termination "czasnaszachy won by checkmate"]

1. e4 c5 2. Nf3 a6 3. d4 cxd4 4. Nxd4 Nf6 5. Nc3 e5 6. Nf3 Nc6 7. Bc4 Bb4 8. O-O Bxc3 9. bxc3 O-O 10. Ba3 Re8 11. Ng5 d5 12. exd5 Na5 13. Bb3 Nxb3 14. axb3 h6 15. Nf3 Qxd5 16. c4 Qxd1 17. Raxd1 Bf5 18.
Rd2 Rad8 19. Rfd1 Rxd2 20. Rxd2 Ne4 21. Re2 Nc3 22. Re3 Nb1 23. Bb2 Bxc2 24. Ne1 Bg6 25. Bxe5 f6 26. Bd4 Nd2 27. Rxe8+ Bxe8 28. Be3 Nxb3 29. c5 Kf7 30. Nc2 Ke6 31. Kf1 Kd5 32.
Na3 Nxc5 33. Ke2 a5 34. Kd2 b5 35. Nc2 b4 36. Ne1 Kc4 37. f3 b3 38. Bxc5 Kxc5 39. Kc3 a4 40. Nd3+ Kb5 41. Kb2 Kc4 42. Nf4 Bf7 43. h4 g5 44. hxg5 hxg5 45. Ne2 Kb4 46. Nd4 a3+ 47. Kc1 b2+ 48. Kc2 Bg6+ 49. Kd2 b1=Q 50. Ke3 Qd3+ 51. Kf2 Qxd4+ 52. Kg3 a2 53. Kh2 a1=Q 54. Kh3 Qh1+ 55. Kg3 Qdh4# 0-1

[Event "Late-Titled-Tuesday-Blitz-April-02-2024"]
[Site "Chess.com"]
[Date "2024.04.02"]
[Round "3"]
[White "SaqoChess_Twitch"]
[Black "Good_Knight_Kiss"]
[Result "0-1"]
[WhiteElo "2669"]
[BlackElo "2499"]
[TimeControl "180+1"]
[EndTime "14:28:02 PDT"]
[Termination "Good_Knight_Kiss won by checkmate"]

1. d4 Nf6 2. c4 g6 3. Nc3 Bg7 4. Nf3 d6 5. h3 O-O 6. Bf4 Nfd7 7. e3 Nc6 8. Be2 h6 9. O-O e5 10. dxe5 dxe5 11. Bh2 f5 12. Qc2 g5 13. Rad1 f4 14. exf4 exf4 15. Nd5 Ne7 16. Nxe7+ Qxe7 17. Rfe1 Qf6 18.
b3 Nc5 19. b4 Bf5 20. Qd2 Rad8 21. Qc1 Nd3 22. Bxd3 Bxd3 23. c5 Qc3 24. Re7 Qxc1 25. Rxc1 Rf7 26. Rxf7 Kxf7 27. h4 Bf6 28. hxg5 hxg5 29.
g3 g4 30. Ne1 f3 31. Rd1 Be4 32.
Rc1 Rd2 33. a3 Bb2 34. Rc4 Bf5 35. Rf4 Ke6 36. Kh1 Rd1 37. Bg1 Rxe1 38. Kh2 Ra1 39.
b5 Rxa3 40. c6 bxc6 41. bxc6 Rc3 42. Ra4 Rxc6 43. Ra2 Bd4 44. Kh1 Bb6 45. Rd2 Rc1 46. Kh2 Rc4 47. Rd8 a5 48. Rh8 a4 49. Ra8 Rb4 50. Kh1 Be4 51. Kh2 Bxa8 52. Kh1 a3 53.
Kh2 a2 54. Kh1 a1=Q 55. Kh2 Qxg1+ 56. Kxg1 Rb2 57. Kh2 Rxf2+ 58. Kh1 Rf1+ 59. Kh2 Rf2+ 60. Kh1 Rh2+ 61. Kxh2 c6 62. Kh1 Ke5 63. Kh2 Ke4 64. Kh1 c5 65. Kh2 c4 66. Kh1 c3 67. Kh2 c2 68.
Kh1 c1=Q+ 69. Kh2 Qd2+ 70. Kh1 Qg2# 0-1

[Event "Late-Titled-Tuesday-Blitz-April-02-2024"]
[Site "Chess.com"]
[Date "2024.04.02"]
[Round "3"]
[White "Squirlolz"]
[Black "Felix-Rose"]
[Result "1-0"]
[WhiteElo "2586"]
[BlackElo "2336"]
[TimeControl "180+1"]
[EndTime "14:28:03 PDT"]
[Termination "Squirlolz won by checkmate"]

1. e4 e5 2. Nf3 Nc6 3. Bc4 Nf6 4. d3 Bc5 5. O-O d6 6. Be3 Bb6 7. Nbd2 h6 8. c3 Ne7 9. d4 Ng6 10. Re1 O-O 11. a4 c6 12. Nf1 Nxe4 13. dxe5 Bxe3 14. Rxe3 d5 15. Bd3 Ng5 16. Nd4 Qc7 17. e6 Nf4 18. exf7+ Qxf7 19. Ng3 Nxd3 20. Qxd3 Qxf2+ 21. Kh1 Bd7 22. Re2 Qf6 23. a5 a6 24. b4 Rae8 25.
Rae1 Rxe2 26. Qxe2 Re8 27. Qd1 Rxe1+ 28. Qxe1 Kh7 29. h3 g6 30. Qe3 h5 31. h4 Ne4 32.
Nxe4 Qxh4+ 33. Kg1 Qxe4 34. Qg3 Bf5 35. Qc7+ Kh6 36.
Qd8 Qe1+ 37. Kh2 Qxc3 38. Qh8+ Kg5 39. Nf3+ Qxf3 40. gxf3 Kf4 41. Kg2 Ke3 42. Qe5+ Kd3 43. Qc7 d4 44. Qxb7 Kc3 45. Qxc6+ Kxb4 46. Qxa6 Kc3 47.
Qc6+ Kd2 48. a6 d3 49. a7 Ke1 50. a8=Q d2 51. Qa5 h4 52. Qd6 h3+ 53. Kg3 Kf1 54.
Qdxd2 h2 55. Qe1# 1-0

[Event "Late-Titled-Tuesday-Blitz-April-02-2024"]
[Site "Chess.com"]
[Date "2024.04.02"]
[Round "3"]
[White "NowInChess"]
[Black "Flaccidmoves"]
[Result "0-1"]
[WhiteElo "2240"]
[BlackElo "2411"]
[TimeControl "180+1"]
[EndTime "14:28:04 PDT"]
[Termination "Flaccidmoves won by checkmate"]

1. e4 Nf6 2. e5 Nd5 3. c4 Nb6 4. d4 d6 5. exd6 exd6 6. Nc3 Be7 7. Be2 Bf5 8. Nf3 O-O 9. O-O c6 10. Be3 N8d7 11. Re1 Nf6 12. h3 Re8 13. Qd2 Ne4 14. Nxe4 Bxe4 15. b3 Bf6 16. Rad1 Qc7 17. a4 a5 18. Bg5 Bxg5 19. Nxg5 Bg6 20. Bf3 h6 21. Ne4 d5 22. cxd5 Nxd5 23. Nc5 Nb4 24. Rxe8+ Rxe8 25. Re1 Rxe1+ 26. Qxe1 Kh7 27. Be4 b6 28. Bxg6+ fxg6 29. Ne6 Qd6 30. Qe4 Qd5 31. Nf8+ Kg8 32. Qxd5+ cxd5 33. Nxg6 Kf7 34. Ne5+ Ke6 35. Kf1 Nc2 36. Nf3 Kf5 37. Ke2 Ke4 38. Kd2 Nxd4 39. Nxd4 Kxd4 40. f3 g5 41. g3 h5 42. h4 gxh4 43.
gxh4 Ke5 44. Ke3 d4+ 45. Kd3 Kf4 46. Kxd4 Kxf3 47. Ke5 Kg4 48. Ke4 Kxh4 49. Kf4 Kh3 50. Kf3 Kh2 51. Kf2 h4 52. Kf1 Kg3 53. Kg1 h3 54.
Kh1 h2 55. b4 axb4 56. a5 b3 57. axb6 b2 58. b7 b1=Q# 0-1

[Event "Late-Titled-Tuesday-Blitz-April-02-2024"]
[Site "Chess.com"]
[Date "2024.04.02"]
[Round "3"]
[White "protectiago"]
[Black "Cluke86"]
[Result "0-1"]
[WhiteElo "2057"]
[BlackElo "2323"]
[TimeControl "180+1"]
[EndTime "14:28:04 PDT"]
[Termination "Cluke86 won on time"]

1. d4 d6 2. Nf3 Nf6 3. c4 g6 4. Nc3 Bf5 5. Qb3 b6 6. g3 Ne4 7.
Bg2 Nxc3 8. bxc3 Be4 9. O-O Bg7 10. d5 Bxf3 11. Bxf3 O-O 12. Be3 Nd7 13. Bd4 Nc5 14. Qc2 Qc8 15. Kg2 Qa6 16. Bxg7 Kxg7 17. h4 Qxc4 18. h5 f5 19. Rab1 a5 20. Rh1 Ne4 21. Rh4 Qxd5 22. Rxe4 fxe4 23. Bxe4 Qxh5 24. Rh1 Qg5 25.
Bxa8 Rxa8 26. Qe4 Rf8 27. Qc6 Qc5 28. Qxc5 bxc5 29. Rb1 Kf6 30. Rb7 Ke6 31. Rxc7 Rb8 32. Ra7 Rb2 33. Rxa5 Rxe2 34. a4 Rc2 35. Ra8 Rxc3 36.
a5 Ra3 37. a6 c4 38. a7 c3 39. Rc8 Rxa7 40. Rxc3 Ra5 41. Kf3 Re5 42. Rc8 h5 43. Rg8 Kf7 44. Ra8 d5 45. Ra5 e6 46.
Ra7+ Kf6 47. Ra8 Rf5+ 48. Ke3 e5 49. Rf8+ Kg5 50. Rd8 d4+ 51. Ke2 Rf6 52. f4+ exf4 0-1

[Event "Late-Titled-Tuesday-Blitz-April-02-2024"]
[Site "Chess.com"]
[Date "2024.04.02"]
[Round "3"]
[White "tgpgoat"]
[Black "GMAkobianSTL"]
[Result "1/2-1/2"]
[WhiteElo "2442"]
[BlackElo "2763"]
[TimeControl "180+1"]
[EndTime "14:28:06 PDT"]
[Termination "Game drawn by repetition"]

1. Nf3 Nf6 2. g3 d5 3. Bg2 c6 4. O-O Bg4 5. d4 e6 6. Ne5 Bh5 7. c4 Nbd7 8. Nc3 Bd6 9. Bf4 Qb8 10. cxd5 exd5 11. Qb3 O-O 12. Rac1 Nxe5 13. dxe5 Bxe5 14.
Bxe5 Qxe5 15. Qxb7 Rfc8 16. e4 dxe4 17. Rfe1 Bg6 18.
Rcd1 a5 19. Qb3 Rab8 20. Qc4 Rb4 21. Qa6 Rcb8 22. Qxc6 Rxb2 23. Nxe4 Rxa2 24. Nxf6+ gxf6 25. Rxe5 fxe5 26. Qc7 Re8 27. Bc6 Rc2 28. Qb7 Re6 29.
Be4 Re2 30. Bxg6 hxg6 31. Qa8+ Kg7 32. Qxa5 Rf6 33. Qc5 e4 34. Qd4 g5 35. Rd2 Rxd2 36.
Qxd2 Kg6 37. Qe3 Re6 38. Kg2 f5 39. Qa7 f4 40. Qd7 Kf6 41. Qd8+ Kg6 42. Qg8+ Kf6 43. Qf8+ Ke5 44. Qg7+ Kf5 45. g4+ Kxg4 46. Qd7 Kf5 47. Qd5+ Kf6 48. Qd4+ Kf5 49. h3 e3 50. Qd3+ Kf6 51. Qd8+ Kg6 52. Qg8+ Kf6 53. Qf8+ Kg6 54. fxe3 fxe3 55. Qg8+ Kf6 56. Kf1 e2+ 57. Ke1 Re4 58.
Qf8+ Ke5 59. Qf2 Ke6 60. Qf8 Ke5 61. Qf2 Ke6 62. Qg2 Re5 63. Qg4+ Kf6 64. Qd4 Kf5 65. Qg4+ Kf6 66. Qd4 Kf5 67. Qg4+ Kf6 1/2-1/2

[Event "Late-Titled-Tuesday-Blitz-April-02-2024"]
[Site "Chess.com"]
[Date "2024.04.02"]
[Round "3"]
[White "AryanTari"]
[Black "djano"]
[Result "1-0"]
[WhiteElo "2964"]
[BlackElo "2658"]
[TimeControl "180+1"]
[EndTime "14:28:07 PDT"]
[Termination "AryanTari won by checkmate"]

1. e4 c5 2. Nf3 g6 3. c3 d5 4. e5 a6 5. d4 Bg4 6. Nbd2 cxd4 7. cxd4 Nc6 8. h3 Bf5 9. Be2 Bg7 10. O-O f6 11. Re1 fxe5 12. dxe5 Nh6 13. Bf1 O-O 14.
Nb3 e6 15. Bg5 Qb6 16. Qd2 Nf7 17. Be3 Qc7 18. Rac1 Qe7 19. Bc5 Qd7 20. Bxf8 Rxf8 21. Qc3 Bh6 22. Rcd1 Qe7 23. Nbd4 Be4 24. Nxc6 bxc6 25. Nd2 Bf5 26. g4 Be4 27. Nxe4 dxe4 28. Qxc6 e3 29. fxe3 Nxe5 30. Qe4 Nf3+ 31. Kh1 Nxe1 32.
Rxe1 Qd6 33. Bg2 Rf2 34. Rg1 Bg7 35. b4 h5 36. gxh5 Qg3 37. Qxg6 Qxg6 38. hxg6 Rxa2 39. Bc6 Be5 40. Bg2 Rb2 41. h4 Rxb4 42. e4 Rb2 43. Rf1 Bg3 44. h5 e5 45. h6 Bf4 46.
h7+ Kg7 47. Rd1 Rb8 48. Rd6 a5 49. Bh3 a4 50. Bf5 Ra8 51. Rd7+ Kh6 52. g7 a3 53. g8=Q a2 54. Qg6# 1-0

[Event "Late-Titled-Tuesday-Blitz-April-02-2024"]
[Site "Chess.com"]
[Date "2024.04.02"]
[Round "3"]
[White "MikeSailer"]
[Black "MarceloPlaya"]
[Result "0-1"]
[WhiteElo "2187"]
[BlackElo "2390"]
[TimeControl "180+1"]
[EndTime "14:28:08 PDT"]
[Termination "MarceloPlaya won on time"]

1. d4 e6 2. Nf3 Nf6 3. Bg5 d5 4.
e3 c5 5. c3 Nc6 6. Bd3 h6 7. Bh4 Be7 8. Nbd2 O-O 9. O-O Nd7 10. Bg3 b6 11. h3 Bf6 12. Bh2 e5 13.
dxe5 Ndxe5 14. Nxe5 Nxe5 15. Bc2 Re8 16. Nf3 Ng6 17.
Bxg6 fxg6 18. Qc2 Bf5 19. Qa4 Be4 20. Rad1 Qc8 21. Nd2 Bd3 22. Rfe1 b5 23. Qa3 a5 24. Bd6 c4 25. Nf3 Qe6 26. Nd4 Bxd4 27. exd4 Qf6 28. Qc5 Qf5 29. Re5 Rxe5 30. Bxe5 Qd7 31. Re1 Rc8 32. Qa3 Qd8 33. Bg3 Qf8 34. Bd6 Qd8 35. Be7 Qd7 36. Bh4 g5 37. Bg3 Re8 38. Rxe8+ Qxe8 39. Qxa5 Qe1+ 40. Kh2 Qe2 41. Qd8+ Kh7 42. Qxd5 Qxb2 43.
Qf7 Bg6 44. Be5 Bxf7 0-1

[Event "Late-Titled-Tuesday-Blitz-April-02-2024"]
[Site "Chess.com"]
[Date "2024.04.02"]
[Round "3"]
[White "Zavgorodniy_Sergiy"]
[Black "lilylg"]
[Result "0-1"]
[WhiteElo "2632"]
[BlackElo "2221"]
[TimeControl "180+1"]
[EndTime "14:28:10 PDT"]
[Termination "lilylg won by checkmate"]

1. d4 d5 2. c4 e6 3. Nf3 f5 4. g3 Nf6 5. Bg2 c6 6. O-O Bd6 7. b3 Qe7 8. a4 O-O 9. Ba3 Bxa3 10. Nxa3 Bd7 11. Nc2 Be8 12. Nce1 Nbd7 13. Nd3 Bh5 14. Nfe5 Ne4 15. Qc2 a5 16. Nxd7 Qxd7 17. Ne5 Qe7 18. f3 Nf6 19. e4 Bg6 20. exf5 Bxf5 21. Qc3 Qb4 22. Qe3 Bc2 23. Ng4 Rae8 24. Nxf6+ Rxf6 25. cxd5 cxd5 26. Rfc1 Qxb3 27. Qxb3 Bxb3 28. Rcb1 Bc2 29. Rxb7 Rf7 30. Rxf7 Kxf7 31. Rc1 Bxa4 32. Ra1 Bb3 33.
Rxa5 Rc8 34. Bh3 Rc1+ 35. Kf2 Rc2+ 36. Kg1 Rc1+ 37. Kf2 Rc2+ 38. Ke3 Bc4 39. Ra7+ Kf6 40. f4 Re2+ 41. Kf3 Rxh2 42. Bg4 Be2+ 43. Ke3 Bxg4 44. Ra8 Re2+ 45. Kd3 Rg2 46. Rf8+ Ke7 47. Rg8 Rxg3+ 48. Kd2 Bf5 49. Rh8 Rf3 50. Rg8 Kf7 51.
Rd8 Rxf4 52. Rd7+ Kf6 53. Ke3 Re4+ 54. Kd3 h5 55. Rd8 h4 56. Rf8+ Kg6 57. Rh8 h3 58. Kc3 Re3+ 59. Kd2 Rd3+ 60. Ke2 Rxd4 61. Kf3 Rd2 62. Kg3 h2 63. Kf4 Rd4+ 64. Ke3 Rd3+ 65.
Ke2 Rh3 66. Rc8 h1=Q 67. Kd2 Qg2+ 68. Kc1 Rh1# 0-1

[Event "Late-Titled-Tuesday-Blitz-April-02-2024"]
[Site "Chess.com"]
[Date "2024.04.02"]
[Round "3"]
[White "CarlosjPineror"]
[Black "kleber2007"]
[Result "1-0"]
[WhiteElo "2682"]
[BlackElo "2483"]
[TimeControl "180+1"]
[EndTime "14:28:11 PDT"]
[Termination "CarlosjPineror won on time"]

1. e4 c6 2. d3 d5 3. Nd2 e5 4. Ngf3 Bd6 5. g3 Nf6 6. Bg2 O-O 7. O-O Nbd7 8. Re1 dxe4 9. dxe4 Qe7 10. c3 a5 11. Nc4 Bc7 12. Nh4 Nb6 13. Ne3 g6 14.
Qc2 Rd8 15. Nf1 Kg7 16. h3 a4 17. Bg5 h6 18. Be3 Nc4 19. Bc1 Be6 20. Rb1 Qd7 21.
Kh2 Qd3 22. Qxd3 Rxd3 23. Ra1 Rad8 24. Ne3 Bb6 25. Bf1 Nxe3 26. Bxe3 Bxe3 27. Bxd3 Rxd3 28. Rxe3 Rd2 29. Kg1 Rxb2 30. a3 Nd7 31. g4 Nb6 32.
Nf3 Nc4 33. Rd3 Rb3 34. Kg2 Kf6 35. Kg3 b5 36. h4 g5 37. hxg5+ hxg5 38. Rh1 Rxa3 39.
Rh8 Rb3 40. Rg8 a3 41. Nxg5 a2 42. Rdd8 Rxc3+ 43. Kh4 Bd7 44. Rxd7 Nd6 45. Rxd6+ Ke7 46. Rgd8 a1=Q 47. R8d7+ Ke8 48. Nxf7 Qh1+ 49. Kg5 Rf3 50. Nxe5 1-0

[Event "Late-Titled-Tuesday-Blitz-April-02-2024"]
[Site "Chess.com"]
[Date "2024.04.02"]
[Round "3"]
[White "norwaytoadog"]
[Black "martinez_95"]
[Result "0-1"]
[WhiteElo "2350"]
[BlackElo "2157"]
[TimeControl "180+1"]
[EndTime "14:28:11 PDT"]
[Termination "martinez_95 won on time"]

1. e4 c5 2. Nf3 d6 3. Bb5+ Bd7 4. Bxd7+ Qxd7 5. O-O Nc6 6. Qe2 Nf6 7. c3 g6 8. d4 Bg7 9. Rd1 cxd4 10. cxd4 O-O 11. Nc3 d5 12. e5 Ne8 13. h4 Nc7 14. h5 Qg4 15. h6 Bh8 16. Ng5 Qxe2 17. Nxe2 f6 18.
exf6 exf6 19. Nf3 Rfe8 20. Be3 Ne6 21. Nc3 Rad8 22. Rac1 f5 23. g3 Bf6 24. Na4 Kf7 25. Nc5 Nxc5 26. Rxc5 Rg8 27. Bg5 Rge8 28. Kf1 Re4 29.
a3 Rd7 30. b4 Nxd4 31. Bxf6 Nxf3 32. Bg7 d4 33. Rd3 Ne1 34. Rd1 Nf3 35. Kg2 Ng5 36. Rxd4 Rexd4 37. Bxd4 Rxd4 38. Rc7+ Ke6 39. Rxb7 Rd7 40.
Rb5 Ne4 41. Ra5 Rd2 42. Rxa7 Rxf2+ 43. Kg1 Ra2 44. Rxh7 Rxa3 45. Rb7 Rxg3+ 46. Kf1 Rh3 47. h7 Nf6 48. b5 Rxh7 0-1

[Event "Late-Titled-Tuesday-Blitz-April-02-2024"]
[Site "Chess.com"]
[Date "2024.04.02"]
[Round "3"]
[White "KetiTsatsalashvili"]
[Black "HajiyevKanan"]
[Result "0-1"]
[WhiteElo "2424"]
[BlackElo "2619"]
[TimeControl "180+1"]
[EndTime "14:28:12 PDT"]
[Termination "HajiyevKanan won by resignation"]

1. d4 c6 2. Nf3 d5 3. c4 Nf6 4. e3 a6 5. a4 Bf5 6. Nc3 e6 7. Qb3 Ra7 8. Be2 Bd6 9. O-O O-O 10. Bd2 Nbd7 11. cxd5 exd5 12. h3 a5 13. Rac1 Qb6 14.
Qxb6 Nxb6 15. Nh4 Be4 16. f3 Bg6 17. Nxg6 hxg6 18. Bd3 Re8 19. g4 Bb4 20. Kf2 Bxc3 21. bxc3 Nxa4 22. c4 Nb2 23. Be2 Nxc4 24. Bxc4 dxc4 25.
Rxc4 Nd5 26. Ra1 Rea8 27. Rca4 b6 28. Rc4 Ne7 29. Rca4 f5 30. Ke2 Kf7 31. Kd3 Ke6 32.
e4 Rh8 33. Rb1 Rxh3 34. exf5+ gxf5 35. gxf5+ Kxf5 36. Rxb6 Rxf3+ 37. Ke2 Rh3 38. Rxa5+ Rxa5 39. Bxa5 Rh2+ 40. Kf3 Ra2 41. Be1 Ra3+ 42. Ke2 g5 43.
Rb7 Nd5 44. Bd2 Nf4+ 45. Bxf4 gxf4 46. Rc7 Ra2+ 47. Kf3 Ra3+ 48. Kf2 Ra6 49. Kf3 Ra3+ 50. Kf2 Ke4 51. Rxc6 Ra2+ 52. Kf1 Kxd4 53. Rb6 Ke4 54. Rb3 Kf5 55. Kg1 Kg4 56. Kf1 Rc2 57. Kg1 Kf5 58. Kf1 Ke4 59. Ra3 Rd2 60. Kg1 Re2 61. Kf1 Re3 62. Ra4+ Kf3 63. Ra1 Rc3 64. Rb1 Kg3 65. Ra1 f3 66. Rb1 Rc2 67. Ra1 Rh2 68. Kg1 f2+ 69. Kf1 Rh1+ 70. Ke2 Rxa1 0-1

[Event "Late-Titled-Tuesday-Blitz-April-02-2024"]
[Site "Chess.com"]
[Date "2024.04.02"]
[Round "3"]
[White "JoakimVonAnd"]
[Black "Msb2"]
[Result "0-1"]
[WhiteElo "2694"]
[BlackElo "3037"]
[TimeControl "180+1"]
[EndTime "14:28:16 PDT"]
[Termination "Msb2 won on time"]

1. d4 d5 2. Nf3 e6 3. Bf4 c5 4. e3 Nc6 5. Nbd2 Bd6 6. Bg3 Bxg3 7.
hxg3 Qb6 8. dxc5 Qxb2 9. c4 Nf6 10. Be2 O-O 11. O-O Rd8 12. Qb3 Qxb3 13. axb3 e5 14.
cxd5 Nxd5 15. Bc4 Nc7 16. Ne4 Be6 17. Nd6 b6 18. cxb6 axb6 19. Rxa8 Rxa8 20. Rc1 Na5 21. Nxe5 Nxc4 22. Ndxc4 Nd5 23. e4 Nb4 24. Nxb6 Rb8 25. Nbd7 Rd8 26. Nc5 Bc8 27. Rc4 Na2 28. Nc6 Rd1+ 29.
Kh2 Kf8 30. Ra4 Rd6 31. Na7 Nc3 32. Nxc8 Rc6 33. Ra8 Rxc5 34. f3 g6 35. g4 Kg7 36.
Kg3 Rb5 37. Nd6 Rxb3 38. Ra7 Kf6 39. Nxf7 Ne2+ 40. Kh2 Nf4 41. Nd6 Rb2 42. e5+ Ke6 43.
Rxh7 Rxg2+ 44. Kh1 Ra2 45. Ne4 Kxe5 46. Re7+ Kd4 47.
Rd7+ Ke3 48. Ng5 Kf2 49. Rd1 Ra8 50. Ne4+ Kxf3 51. Ng5+ Kxg4 52. Ne4 Ra4 53. Nf6+ Kf5 54. Nd5 Nh5 55. Ne7+ Kf6 56. Nd5+ Ke5 57. Ne7 g5 58. Re1+ Kf4 59. Nd5+ Kg3 60. Rg1+ Kh4 61. Nf6 Ng3+ 62.
Kh2 Nf5 63. Nd5 g4 64. Nf6 Ra2+ 0-1

[Event "Late-Titled-Tuesday-Blitz-April-02-2024"]
[Site "Chess.com"]
[Date "2024.04.02"]
[Round "3"]
[White "ViIIagra"]
[Black "Itay121"]
[Result "1-0"]
[WhiteElo "2894"]
[BlackElo "2544"]
[TimeControl "180+1"]
[EndTime "14:28:16 PDT"]
[Termination "ViIIagra won by resignation"]

1. g3 d5 2. Bg2 e5 3. c4 c6 4. d4 e4 5. Nc3 Bb4 6. Qb3 Bxc3+ 7.
Qxc3 h6 8. f3 Nf6 9. Qa3 Bf5 10.
cxd5 cxd5 11. Nh3 Qe7 12. Qxe7+ Kxe7 13. O-O Nc6 14. Be3 Rhe8 15. Nf4 Rad8 16. Rac1 Kf8 17. Rc3 Rd7 18. g4 Bh7 19. h4 exf3 20. exf3 Rde7 21. Kf2 Rd7 22. g5 Ng8 23. Bh3 Rdd8 24. Rfc1 Nge7 25. gxh6 gxh6 26. Nh5 Ng8 27. Rxc6 bxc6 28. Rxc6 Rb8 29.
b3 Rb6 30. Rc5 Nf6 31. Bxh6+ Kg8 32. Nxf6+ Rxf6 33. Bg5 Rd6 34. Ra5 a6 35. h5 Rc6 36.
Kg3 Kg7 37. Rxd5 Rc3 38. Kf4 Rxf3+ 39. Kxf3 Be4+ 40. Kf4 Bxd5 41. h6+ Kg8 42. Bf5 Be6 43. Be4 f6 44. Bxf6 Kf7 45. Be5 Ke7 46. h7 Rf8+ 47. Kg5 a5 48. h8=Q Rxh8 49. Bxh8 a4 50. bxa4 Bxa2 51. a5 Bc4 52. Be5 Kd7 53. Kf4 Kc8 54. Ke3 Kd7 55. d5 Ba6 56. Kd4 Kc8 57. Kc5 Bb7 58.
Bf5+ Kd8 59. Bf6+ Ke8 60. Be6 Ba6 61. d6 Kf8 62. d7 1-0

[Event "Late-Titled-Tuesday-Blitz-April-02-2024"]
[Site "Chess.com"]
[Date "2024.04.02"]
[Round "3"]
[White "Sinquefield"]
[Black "jcibarra"]
[Result "0-1"]
[WhiteElo "2548"]
[BlackElo "2958"]
[TimeControl "180+1"]
[EndTime "14:28:17 PDT"]
[Termination "jcibarra won by checkmate"]

1. d4 Nf6 2. Nf3 g6 3. Bg5 Bg7 4. Nbd2 O-O 5. e3 d6 6. Bc4 Nbd7 7. c3 e5 8. dxe5 dxe5 9. e4 h6 10. Bh4 b6 11. O-O Bb7 12. Re1 Qe8 13. Qc2 Nh5 14.
Rad1 Nc5 15. b4 Ne6 16. Bd5 c6 17. Bb3 b5 18. a4 a6 19. Nf1 Nhf4 20. Ne3 Kh7 21. Ng4 f6 22. Bg3 h5 23. Ne3 Qe7 24.
Rd2 Rad8 25. Red1 Bh6 26. Rxd8 Rxd8 27. Rxd8 Qxd8 28. Qd1 Qxd1+ 29. Bxd1 c5 30. axb5 axb5 31. Nd2 c4 32. Bc2 Ne2+ 33. Kf1 Nxc3 34. Ndxc4 bxc4 35. Nxc4 Ba6 36. Bd3 h4 37. Bxh4 Nf4 38. Bxf6 Nxd3 39. Nd6 Nxb4+ 40. Kg1 Ne2+ 41. Kh1 Nd3 42. Bh4 Bg5 43. Bg3 Nxg3+ 44. fxg3 Nf2+ 45. Kg1 Be3 46. Nf7 Nxe4+ 47. Kh1 Kg7 48. Nd8 Bc4 49. Nc6 Bd4 50. Nb4 g5 51. Nc2 Bc5 52. h3 Nxg3+ 53. Kh2 Nf1+ 54.
Kh1 e4 55. g4 e3 56. Kg2 e2 57. Kf3 Nd2+ 58. Kg3 Bd3 59. Ne1 Be4 60. h4 gxh4+ 61.
Kxh4 Bf2+ 62. Kh5 Bxe1 63. g5 Bf3# 0-1

[Event "Late-Titled-Tuesday-Blitz-April-02-2024"]
[Site "Chess.com"]
[Date "2024.04.02"]
[Round "3"]
[White "FREZZY23"]
[Black "BabageldiAnnaberdiyev"]
[Result "0-1"]
[WhiteElo "2407"]
[BlackElo "2602"]
[TimeControl "180+1"]
[EndTime "14:28:20 PDT"]
[Termination "BabageldiAnnaberdiyev won on time"]

1. Nf3 e6 2. g3 d5 3. Bg2 f5 4. O-O Nf6 5. c4 c6 6. d3 Bc5 7.
Nc3 O-O 8. d4 Bd6 9. Ne5 Nbd7 10.
Nxd7 Bxd7 11. f3 Bb4 12. Qb3 a5 13. a3 Bxc3 14. Qxc3 a4 15. Bg5 h6 16. Bxf6 Rxf6 17. e4 fxe4 18. fxe4 dxc4 19. Qxc4 Rxf1+ 20. Rxf1 Qb6 21. Kh1 Qxb2 22. d5 exd5 23. exd5 Kh8 24. Qc5 cxd5 25.
Bxd5 Bc6 26. Rf8+ Rxf8 27. Qxf8+ Kh7 28. Qg8+ Kg6 29. Qe6+ Qf6 30. Qe4+ Qf5 31. Bxc6 bxc6 32. Qxc6+ Kh7 33. Qc1 Qf3+ 34. Kg1 Qd3 35. Kf2 h5 36.
Qe3 Qc2+ 37. Kf3 Qb3 38. Kf4 g5+ 39. Ke4 Qe6+ 40. Kd4 Qb6+ 41. Ke4 Qc6+ 42. Kd4 Kh6 43. Qe5 Qb6+ 44. Qc5 Qb2+ 45. Kd5 Qb3+ 46. Kd6 h4 47.
Qc6 Kh5 48. Qc5 hxg3 49. hxg3 Kg4 50. Kc6 Kh3 51. Kd7 g4 52. Qd6 Kg2 53. Ke7 Kf3 54.
Kf6 Qe3 0-1

[Event "Late-Titled-Tuesday-Blitz-April-02-2024"]
[Site "Chess.com"]
[Date "2024.04.02"]
[Round "3"]
[White "LikeWater"]
[Black "esrosenberg"]
[Result "1-0"]
[WhiteElo "2639"]
[BlackElo "2451"]
[TimeControl "180+1"]
[EndTime "14:28:23 PDT"]
[Termination "LikeWater won by resignation"]

1. e4 c5 2. Nf3 e6 3. d4 cxd4 4.
Nxd4 Nf6 5. Bd3 Nc6 6. Nxc6 bxc6 7. O-O d5 8. Nd2 Be7 9. Kh1 e5 10. Re1 d4 11. Nc4 Nd7 12. f4 O-O 13. fxe5 Bg5 14.
Qh5 Bxc1 15. Raxc1 g6 16. Qh6 Qe7 17. e6 Qxe6 18.
e5 Rd8 19. Nd6 Nf8 20. Bc4 Rxd6 21. exd6 Qxd6 22. Re8 Be6 23. Rxa8 Bxc4 24. Re1 Be6 25. h3 c5 26. b3 a6 27. Qg5 Kg7 28. Qd8 Qxd8 29.
Rxd8 Bf5 30. Rc1 Ne6 31. Ra8 Be4 32. Rxa6 h5 33. a4 Nf4 34. a5 Nxg2 35. Kh2 Ne3 36.
Rd6 Nxc2 37. Rxc2 Bxc2 38. a6 Be4 39. a7 h4 40. Rd8 Kf6 41. a8=Q Bxa8 42. Rxa8 Ke5 43.
Kg2 Ke4 44. Rc8 d3 45. Kf2 Kd4 46. Rd8+ Kc3 47. Ke3 Kxb3 48. Kxd3 c4+ 49. Kd2 f5 50. Rb8+ Ka4 51. Kc3 g5 52. Kxc4 Ka5 53. Rg8 g4 54.
hxg4 fxg4 55. Rxg4 1-0

[Event "Late-Titled-Tuesday-Blitz-April-02-2024"]
[Site "Chess.com"]
[Date "2024.04.02"]
[Round "3"]
[White "MusicCityMaster"]
[Black "karinachess1"]
[Result "1/2-1/2"]
[WhiteElo "2436"]
[BlackElo "2613"]
[TimeControl "180+1"]
[EndTime "14:28:23 PDT"]
[Termination "Game drawn by stalemate"]

1. d4 Nf6 2. c4 e6 3. Nf3 d5 4. Nc3 Bb4 5. g3 dxc4 6. Bg2 Nc6 7. O-O Rb8 8. Bg5 h6 9. Bxf6 Qxf6 10. e4 O-O 11. d5 Ne5 12. Nxe5 Qxe5 13. f4 Qd6 14.
Kh1 Bxc3 15. bxc3 exd5 16. e5 Qc5 17. Qxd5 Qxd5 18. Bxd5 Be6 19. Rad1 Rfd8 20. Be4 Bg4 21. Rxd8+ Rxd8 22. Bxb7 Rd2 23. a4 Rc2 24. Bf3 Bf5 25. Rd1 Bd3 26. Rb1 Rxc3 27. Rb8+ Kh7 28. Bd5 Kg6 29. Rf8 f6 30. e6 Bf5 31. e7 Bd7 32. Be4+ Kh5 33. h3 Bxa4 34. Kg2 Re3 35. e8=Q+ Bxe8 36.
Rxe8 Ra3 37. Rd8 c3 38. Rd5+ g5 39. Rf5 Ra2+ 40. Kf3 c2 41. Rxf6 Ra3+ 42. Kf2 gxf4 43. Rf5+ Kg6 44. Ra5+ Kg7 45. Rc5 fxg3+ 46. Kg2 Ra2 47.
Rxc2 Rxc2+ 48. Bxc2 c5 49. Kxg3 Kf6 50. Kf4 Kg7 51.
Kf5 Kh8 52. Bd3 a5 53. Bc4 Kg7 54. h4 Kh8 55. Kg6 a4 56. Kxh6 a3 57. Kg5 a2 58.
Bxa2 Kg7 59. h5 Kh8 60. Kg6 c4 61. Kf7 Kh7 62. Bxc4 Kh8 63. Be2 Kh7 64. Kf6 Kh8 65. Kg6 Kg8 66. Kh6 Kh8 67. Bd3 Kg8 68. Bh7+ Kh8 69.
Bg6 Kg8 70. Kg5 Kh8 71. h6 Kg8 72. h7+ Kh8 73. Kh6 1/2-1/2